cohdb
Replays
Latest Replays
All Replays
Popular Replays
Top Player Replays
Match Explorer
How It Works
Community
CoH3 Stats
Reddit
Sign in to upload your games and track your stats! →
Sign in with Steam
Match 41208116
Unlisted
Match 41208116
Overview
Messages
Build Orders
End
Construct Section Command Post
Infantry Section
Infantry Section
Infantry Section
Vickers Machine Gun Team
Construct Platoon Command Post
CMP 15cwt Truck
Selects Indian Artillery Battlegroup
Selects Artillery Saturation
Infantry Training
6-pounder Anti-tank Gun Team
Selects Off-map Airburst Barrage
Off-map Airburst Barrage
Construct Company Command Post
Off-map Airburst Barrage
Selects BL5.5 Artillery Emplacement
Jimbobloft
General Custard Cream
Fatman
Nuclear Viking
gr.ape
(◣✠◢) John1986 ✠
0
0
Comments
sign in to comment!
No comments posted yet!